 Dungeon Sprint DCSS version 0.31-a0-339-gda1cbd555d (webtiles) character file.

Game seed: 17817256129262344026

14657 dialectric the Ninja (level 11, -25/56 HPs)
             Began as a Spriggan Brigand on July 21, 2023.
             Was the Champion of Dithmenos.
             Killed from afar by a gargoyle (28 damage)
             ... with a stone arrow
             ... in the Dungeon (Sprint I: "Red Sonja").
             The game lasted 00:09:09 (1004 turns).

dialectric the Ninja (Spriggan Brigand)             Turns: 1004, Time: 00:09:10

Health: -25/56     AC:  4    Str:  5    XL:     11   Next: 91%
Magic:  19/24      EV: 32    Int: 17    God:    Dithmenos [******]
Gold:   1485       SH:  0    Dex: 27    Spells: 36/38 levels left

rFire   . . .        a - +2 dagger
rCold   . . .        (no shield)
rNeg    . . .        p - +1 robe of Bedazzled Leaves {rCorr Slay+2}
rPois   .            j - +1 hat of Eheyxt {Int+4}
rElec   .            z - scarf {shadows}
rCorr   +            (gloves unavailable)
SInv    +            (boots unavailable)
Will    +....        (no amulet)
Stlth   +++++++      q - +5 ring of evasion
HPRegen 0.29/turn    y - +6 ring of dexterity
MPRegen 0.19/turn

%: no teleportation
@: confused, wreathed by umbra, very quick
A: very small, no large weapons, unfitting armour, see invisible, speed 3, frail
1, low MP 2, weak 1
a: Renounce Religion, Shadow Step, Shadow Form


You were in the Dungeon.
You worshipped Dithmenos.
Dithmenos was exalted by your worship.
You visited 1 branch You collected 2681 gold pieces.
You spent 1196 gold pieces at shops.

Inventory:

Hand Weapons
 a - a +2 dagger (weapon)
 n - a +1 short sword of distortion
Missiles
 d - 9 poisoned darts
 e - 6 curare-tipped darts (quivered)
Armour
 c - a +0 cloak
 j - the +1 hat of Eheyxt (worn) {Int+4}
   (You bought it in a shop in the Dungeon)

   Int:       It affects your intelligence (+4).
 p - the +1 robe of Bedazzled Leaves (worn) {rCorr Slay+2}
   (You bought it in a shop in the Dungeon)

   Slay:      It affects your accuracy & damage with ranged weapons and melee
   (+2).
   rCorr:     It protects you from acid and corrosion.
 t - +0 pearl dragon scales
 w - a +1 pair of boots
 x - +0 shadow dragon scales
 z - a scarf of shadows (worn)
Jewellery
 q - a +5 ring of evasion (left hand)
 y - a +6 ring of dexterity (right hand)
Wands
 l - a wand of flame (2)
 s - a wand of roots (7)
 u - a wand of paralysis (3)
Scrolls
 k - 2 scrolls of blinking
 m - a scroll of immolation {unknown}
 o - 2 scrolls of revelation {unknown}
 r - a scroll of fear {unknown}
 v - 3 scrolls of identify {unknown}
Potions
 b - a potion of berserk rage
 f - 4 potions of curing
 g - 3 potions of heal wounds
 h - 2 potions of haste
 i - 2 potions of magic


   Skills:
 - Level 10.0 Fighting
 - Level 14.7 Short Blades
 - Level 3.1 Throwing
 + Level 8.8 Dodging
 O Level 27 Stealth
 * Level 14.2 Spellcasting
 - Level 2.0 Transmutations
 * Level 7.2 Earth Magic
 + Level 2.3 Invocations
 - Level 8.3 Evocations


You had 36 spell levels left.
You knew the following spells:

 Your Spells              Type           Power      Damage    Failure   Level
a - Passwall              Tmut/Erth      22%        N/A       1%          2

Your spell library contained the following spells:

 Spells                   Type           Power      Damage    Failure   Level
 Ensorcelled Hibernation  Hex/Ice        24%        N/A       9%          2
 Swiftness                Air            12%        N/A       17%         3


Dungeon Overview and Level Annotations

Branches:
Dungeon (1/1)

Altars:
Cheibriados
Dithmenos
Elyvilon
Fedhas
Gozag
Hepliaklqana
Kikubaaqudgha
Makhleb
Nemelex Xobeh
Okawaru
Qazlal
Ru
Sif Muna
Trog
Uskayaw
Vehumet
Wu Jian
Xom
Yredelemnul
Zin
The Shining One
Jiyva
Lugonu

Shops:
D (![[((?:(*?:[(*[?[

Annotations:
D exclusion: oklob plant


Innate Abilities, Weirdness & Mutations

You are very small and have problems with some larger weapons.
You are too small for most types of armour.
You have supernaturally acute eyesight. (SInv)
You cover ground extremely quickly. (Speed+++)
You are frail. (-10% HP)
Your magical capacity is very low. (-20% MP)
You are weak. (Str -2)


Message History

You are confused.
You hit the gargoyle but do no damage.
You are engulfed in noxious fumes.
You feel less confused. The gargoyle misses you.
The gargoyle completely misses you.
You hit the gargoyle.
The gargoyle is lightly damaged.
You hit the gargoyle.
The gargoyle is moderately damaged.
The gargoyle completely misses you.
You hit the gargoyle but do no damage.
The gargoyle is moderately damaged.
You are engulfed in noxious fumes.
You choke on the stench!
You are confused.
You hit the gargoyle but do no damage.
The gargoyle is moderately damaged.
You are engulfed in noxious fumes.
You choke on the stench!
You are more confused.
The gargoyle misses you.
You are engulfed in noxious fumes.
The gargoyle completely misses you.
You are engulfed in noxious fumes.
You hit the gargoyle but do no damage.
The gargoyle is moderately damaged.
You are engulfed in noxious fumes.
You choke on the stench!
You are more confused.
The gargoyle hurls a stone arrow at you.
The stone arrow hits you!
You emit a cloud of dark smoke.
You are engulfed in noxious fumes.
You bump into the stone wall.
You are engulfed in noxious fumes.
You choke on the stench!
You are more confused.
The gargoyle hits you with a +0 flail!!
* * * LOW HITPOINT WARNING * * *
You emit a cloud of dark smoke.
You are engulfed in noxious fumes.
The gargoyle hurls a stone arrow at you.
The stone arrow hits you!!
Ouch! That really hurt!
You die...

#################################
.)'..#__#..'..)#).#§§§.+§†§§§§§§.
..#..'..'..#...##'#§####§§.§§##..
####'#__####)..'..#§# ##§§§#####
...#§####§.#####§.'§# ###+#
..##.#§§~.)#..##§####
#'#_.§§§§§.§..#§@○.§#
'.§._#~§~.§#..#○§§9§+
#_.#'##'#####'###°○.#
##'#(#)..[###.'.#...#
##.####'###.###.#.○## ##
+...'.....'.∩##.#..# #P
#.†.###########§##+# #M
##.###.....†.##§# ##
.#'#.#.......§'.#


You could see a gargoyle.

Vanquished Creatures
  A golden dragon (D)
  A shadow dragon (D)
  A deep elf annihilator (D)
  A hydra (D)
  2 centaur warriors (D)
  4 demonic crawlers (D)
  Sonja (D)
  A deep troll (D)
  A lindwurm (D)
  A shining eye (D)
  An oklob plant (D)
  2 unseen horrors (D)
  2 kobold demonologists (D)
  A hornet (D)
  Sigmund (D)
  A slime creature (D)
  A yak (D)
  13 hogs (D)
  2 redbacks (D)
  4 floating eyes (D)
  An ogre (D)
  7 necrophages (D)
  8 jellies (D)
  Ijyb (D)
59 creatures vanquished.

Vanquished Creatures (others)
  2 ballistomycete spores (D)
2 creatures vanquished.

Grand Total: 61 creatures vanquished

Notes
Turn   | Place    | Note
-------+----------+-------------------------------------------
     0 | D        | dialectric the Spriggan Brigand began the quest for the
                  | Orb.
     0 | D        | Reached XP level 1. HP: 10/10 MP: 2/2
     2 | D        | Noticed Ijyb
     4 | D        | Killed Ijyb
     5 | D        | Reached skill level 9 in Stealth
     5 | D        | Reached XP level 2. HP: 15/15 MP: 3/3
     9 | D        | Noticed an ogre
    11 | D        | Killed an ogre
    12 | D        | Reached skill level 13 in Stealth
    12 | D        | Reached XP level 3. HP: 19/19 MP: 4/4
    12 | D        | Reached XP level 4. HP: 23/23 MP: 5/5
    14 | D        | Noticed Sigmund
    16 | D        | Killed Sigmund
    17 | D        | Reached skill level 17 in Stealth
    17 | D        | Reached XP level 5. HP: 28/28 MP: 6/6
    17 | D        | Reached XP level 6. HP: 32/32 MP: 7/7
    28 | D        | Found a shimmering blue altar of Sif Muna.
    29 | D        | Found an ornate altar of the Wu Jian Council.
    30 | D        | Found a radiant altar of Vehumet.
    64 | D        | Found Pillel's Distillery.
    64 | D        | Found an ancient bone altar of Kikubaaqudgha.
    64 | D        | Found a stormy altar of Qazlal.
    64 | D        | Found a blossoming altar of Fedhas.
    64 | D        | Found a bloodstained altar of Trog.
    64 | D        | Found an iron altar of Okawaru.
    64 | D        | Found a glowing golden altar of the Shining One.
    64 | D        | Found a glowing silver altar of Zin.
    64 | D        | Found a white marble altar of Elyvilon.
    64 | D        | Noticed a yak
    65 | D        | Found a hazy altar of Hepliaklqana.
    65 | D        | Found a hide-covered altar of Uskayaw.
    65 | D        | Found a basalt altar of Yredelemnul.
    65 | D        | Found an opulent altar of Gozag.
    65 | D        | Found a snail-covered altar of Cheibriados.
    65 | D        | Found a sacrificial altar of Ru.
    65 | D        | Found a shadowy altar of Dithmenos.
    66 | D        | Killed a yak
    67 | D        | Reached skill level 5 in Short Blades
    67 | D        | Reached skill level 19 in Stealth
    67 | D        | Found a sparkling altar of Nemelex Xobeh.
    75 | D        | Became a worshipper of Dithmenos the Shadowed
    91 | D        | Found a burning altar of Makhleb.
    91 | D        | Found a shimmering altar of Xom.
    91 | D        | Noticed a slime creature
    92 | D        | Found a viscous altar of Jiyva.
    92 | D        | Found a corrupted altar of Lugonu.
    94 | D        | Killed a slime creature
    95 | D        | Reached skill level 21 in Stealth
    95 | D        | Reached XP level 7. HP: 37/37 MP: 8/8
   107 | D        | Noticed a kobold demonologist
   108 | D        | Noticed a kobold demonologist
   111 | D        | Killed a kobold demonologist
   111 | D        | Reached * piety under Dithmenos
   112 | D        | Reached skill level 23 in Stealth
   113 | D        | Killed a kobold demonologist
   114 | D        | Reached skill level 24 in Stealth
   114 | D        | Reached XP level 8. HP: 42/42 MP: 9/9
   116 | D        | Noticed a demonic crawler
   116 | D        | Noticed a demonic crawler
   116 | D        | Noticed a demonic crawler
   116 | D        | Noticed a demonic crawler
   118 | D        | Killed a demonic crawler
   119 | D        | Reached skill level 26 in Stealth
   119 | D        | Killed a demonic crawler
   119 | D        | Reached ** piety under Dithmenos
   120 | D        | Reached skill level 5 in Fighting
   120 | D        | Reached skill level 27 in Stealth
   120 | D        | Reached XP level 9. HP: 47/47 MP: 10/10
   121 | D        | Killed a demonic crawler
   122 | D        | Killed a demonic crawler
   138 | D        | Noticed a lindwurm
   142 | D        | Killed a lindwurm
   142 | D        | Reached *** piety under Dithmenos
   143 | D        | Reached skill level 5 in Dodging
   143 | D        | Reached XP level 10. HP: 55/55 MP: 11/11
   170 | D        | Noticed Sonja
   174 | D        | Killed Sonja
   188 | D        | Noticed a deep troll
   227 | D        | Killed a deep troll
   273 | D        | Found Iko Niall's Armour Emporium.
   278 | D        | Bought the +1 robe of Bedazzled Leaves {rCorr Slay+2} for
                  | 373 gold pieces
   350 | D        | Found Taegeon's Antique Weapon Boutique.
   359 | D        | Noticed a shining eye
   359 | D        | Noticed a shining eye
   359 | D        | Noticed a shining eye
   360 | D        | Noticed a shining eye
   360 | D        | Noticed a shining eye
   360 | D        | Noticed a shining eye
   360 | D        | Gained mutation: You are weak. (Str -2) [a shining eye]
   362 | D        | Noticed a shining eye
   362 | D        | Noticed a shining eye
   363 | D        | Killed a shining eye
   363 | D        | Reached **** piety under Dithmenos
   365 | D        | Gained mutation: Your magical capacity is low. (-10% MP) [a
                  | shining eye]
   367 | D        | Gained mutation: Your magical capacity is very low. (-20%
                  | MP) [a shining eye]
   372 | D        | Gained mutation: You are frail. (-10% HP) [a shining eye]
   379 | D        | Noticed a centaur warrior
   380 | D        | Noticed a centaur warrior
   383 | D        | Killed a centaur warrior
   384 | D        | Reached skill level 5 in Evocations
   386 | D        | Killed a centaur warrior
   387 | D        | Reached skill level 1 in Invocations
   405 | D        | Noticed an oklob plant
   407 | D        | Killed an oklob plant
   415 | D        | Reached skill level 5 in Spellcasting
   417 | D        | Reached ***** piety under Dithmenos
   451 | D        | Reached XP level 11. HP: 47/55 MP: 11/17
   500 | D        | Reached ****** piety under Dithmenos
   555 | D        | Found Lywufa's Antique Armour Shoppe.
   555 | D        | Found Caxiduyh's Antique Armour Shop.
   555 | D        | Found Adgheni Kami's Antique Weapon Boutique.
   576 | D        | Found Buyfaf's Antique Weapon Emporium.
   576 | D        | Found Cuiwaur's Magic Scroll Shop.
   576 | D        | Found Qienaacu's Book Shoppe.
   576 | D        | Found Roefrisy's Weapon Boutique.
   576 | D        | Found Jotaad's Assorted Antiques.
   576 | D        | Found Olautisi's Magic Scroll Shop.
   576 | D        | Found Tetaets's Book Shoppe.
   602 | D        | Found Domesa Dika's Antique Armour Boutique.
   603 | D        | Found Wexearru's General Store.
   603 | D        | Found Kiecitz's Weapon Boutique.
   604 | D        | Found Tena's Magic Scroll Emporium.
   610 | D        | Bought a heavily runed hat for 216 gold pieces
   610 | D        | Identified the +1 hat of Eheyxt {Int+4} (You bought it in a
                  | shop in the Dungeon)
   617 | D        | Bought a pair of glowing boots for 180 gold pieces
   619 | D        | Bought a scroll of blinking for 75 gold pieces
   638 | D        | Bought a book of Burglary for 200 gold pieces
   642 | D        | Learned a level 2 spell: Passwall
   768 | D        | Reached skill level 1 in Transmutations
   771 | D        | Reached skill level 10 in Spellcasting
   782 | D        | Noticed a 12-headed hydra
   784 | D        | Killed a 12-headed hydra
   785 | D        | Reached skill level 10 in Fighting
   809 | D        | Noticed a shadow dragon
   809 | D        | Noticed a golden dragon
   814 | D        | Killed a shadow dragon
   816 | D        | Killed a golden dragon
   910 | D        | Found Hekuitt's Antique Armour Shoppe.
   929 | D        | Bought an embroidered scarf for 152 gold pieces
   953 | D        | Noticed a deep elf annihilator
   953 | D        | Noticed an oklob plant
   953 | D        | Noticed a mummy priest
   953 | D        | Killed a deep elf annihilator
  1004 | D        | Killed from afar by a gargoyle

Illustrated notes

Levels and vault maps discovered:
D:        dungeon_sprint_1 [red_sonja_temple_1, red_sonja_temple_small_1]

Skill      XL: |  1  2  3  4  5  6  7  8  9 10 11 |
---------------+----------------------------------+-----
Fighting       | 2 3 4 5 7 9 10 | 10.0
Stealth        | 9 13 17 21 24 27 | 27.0
Short Blades   | 3 4 5 6 7 12 14 | 14.7
Throwing       | 3 |  3.1
Dodging        | 2 3 4 5 6 8 |  8.8
Evocations     | 7 8 |  8.3
Invocations    | 1 2 |  2.3
Spellcasting   | 6 14 | 14.2
Transmutations | 2 |  2.0
Earth Magic    | 7 |  7.2

Action                     |  1- 3 |  4- 6 |  7- 9 | 10-12 || total
---------------------------+-------+-------+-------+-------++-------
  Melee: Dagger            |     2 |     4 |     8 |    76 ||    90
  Throw: Dart              |       |       |       |    15 ||    15
   Cast: Passwall          |       |       |       |     3 ||     3
 Invoke: Shadow Step       |       |       |       |     3 ||     3
  Evoke: Wand              |       |       |       |    11 ||    11
    Use: Scroll            |       |       |       |     1 ||     1
         Potion            |       |       |       |     1 ||     1
   Stab: Sleeping          |     2 |     4 |     8 |    38 ||    52
 Armour: Robe              |       |       |       |     6 ||     6
  Dodge: Dodged            |       |       |       |    21 ||    21

Table legend: (Time is in decaauts)
 A = Elapsed time spent in this place.
 B = Non-inter-level travel time spent in this place.
 C = Inter-level travel time spent in this place.
 D = Time resting spent in this place.
 E = Time spent auto-exploring this place.
 F = Levels seen in this place.
 G = Mean time per level.
                   A        B        C        D        E       F      G
               +--------+--------+--------+--------+--------+-----+--------+
         Total |    716 |    698 |     18 |      0 |     44 |   1 |  716.0 |
       Dungeon |    716 |    698 |     18 |      0 |     44 |   1 |  716.0 |
               +--------+--------+--------+--------+--------+-----+--------+

Top non-repeatable levels by time:
       D: 716 daAuts
